PAAA
PAWNEE PARKSNREC @ CALGARY LYNX
08/28/2025
 
TOP OF THE 1ST
Pawnee ParksNRec batting - Pitching for Calgary Lynx : RHP Willie Cameron
Pitching: RHP Willie Cameron
Batting: RHB Roberto Maestas 0-0: Ball
1-0: Ball
2-0: Ball
3-0: Base on Balls
Batting: RHB Wilbur Davis 0-0: Ball
1-0: Ball
2-0: Swinging Strike
2-1: Foul Ball, location: 2F
2-2: Ball
3-2: Base on Balls
Roberto Maestas to second
Batting: LHB Mike Gardner 0-0: Ball
1-0: Ball
2-0: Foul Ball, location: 2F
2-1: Fly out, F7 (Line Drive, 78M)
Batting: LHB Jorge Aicón 0-0: Ball
1-0: Called Strike
Roberto Maestas steals 3rd base
Wilbur Davis to second
1-1: Fly out, F6 (Popup, 6MD)
Batting: RHB Julián Salcido 0-0: SINGLE (Groundball, 3D)
Roberto Maestas scores
Wilbur Davis to third
Runner from 3rd tries for Home, SAFE, no throw
Batting: RHB Mark Allen 0-0: Called Strike
0-1: Ball
1-1: Swinging Strike
1-2: Strikes out swinging
Top of the 1st over - 2 run(s), 1 hit(s), 0 error(s), 1 left on base; Pawnee 2 - Calgary 0
BOTTOM OF THE 1ST
Calgary Lynx batting - Pitching for Pawnee ParksNRec : RHP Ben Quinn
Pitching: RHP Ben Quinn
Batting: SHB Lowell Moon 0-0: Ball
1-0: Foul Ball, location: 2F
1-1: Called Strike
1-2: Ball
2-2: Foul Ball, location: 2F
2-2: Strikes out swinging
Batting: LHB Miguel Zúńiga 0-0: Foul Ball, location: 2F
0-1: Ground out 4-3 (Groundball, 34)
Batting: RHB Jesús Martínez 0-0: Ball
1-0: Called Strike
1-1: Ball
2-1: Called Strike
2-2: Foul Ball, location: 2F
2-2: Ball
3-2: Foul Ball, location: 2F
3-2: Fly out, F7 (Line Drive, 78M)
Bottom of the 1st over - 0 run(s), 0 hit(s), 0 error(s), 0 left on base; Pawnee 2 - Calgary 0
TOP OF THE 2ND
Pawnee ParksNRec batting - Pitching for Calgary Lynx : RHP Willie Cameron
Batting: RHB Miguel Silva 0-0: Foul Ball, location: 2F
0-1: Foul Ball, location: 2F
0-2: Foul Ball, location: 2F
0-2: Fly out, F7 (Flyball, 78S)
Batting: RHB Dale Blair 0-0: Ball
1-0: Ball
2-0: Ball
3-0: Base on Balls
Batting: SHB Júlio Camacho 0-0: Ball
1-0: Foul Ball, location: 2F
1-1: Swinging Strike
1-2: Foul Ball, location: 2F
1-2: Fielders Choice at 2nd, 6-4 (Groundball, 6)
Batting: RHB Roberto Maestas 0-0: Called Strike
Júlio Camacho steals 2nd base
0-1: Fly out, F9 (Line Drive, 9S)
Top of the 2nd over - 0 run(s), 0 hit(s), 0 error(s), 1 left on base; Pawnee 2 - Calgary 0
BOTTOM OF THE 2ND
Calgary Lynx batting - Pitching for Pawnee ParksNRec : RHP Ben Quinn
Batting: RHB Álex Estrada 0-0: Called Strike
0-1: Fly out, F9 (Flyball, 9LMF)
Batting: LHB Thomas Campbell 0-0: Ball
1-0: Foul Ball, location: 2F
1-1: Called Strike
1-2: Foul Ball, location: 2F
1-2: Ground out 4-3 (Groundball, 4)
Batting: RHB Enrique Fuentes 0-0: Ball
1-0: Ground out 1-3 (Groundball, 13)
Bottom of the 2nd over - 0 run(s), 0 hit(s), 0 error(s), 0 left on base; Pawnee 2 - Calgary 0
TOP OF THE 3RD
Pawnee ParksNRec batting - Pitching for Calgary Lynx : RHP Willie Cameron
Batting: RHB Wilbur Davis 0-0: Ball
1-0: Called Strike
1-1: Swinging Strike
1-2: Foul Ball, location: 2F
1-2: Foul Ball, location: 2F
1-2: Ground out 5-3 (Groundball, 56)
Batting: LHB Mike Gardner 0-0: Ball
1-0: Called Strike
1-1: Foul Ball, location: 2F
1-2: Foul Ball, location: 2F
1-2: Strikes out looking
Batting: LHB Jorge Aicón 0-0: Ball
1-0: Ball
2-0: Ground out 4-3 (Groundball, 34)
Top of the 3rd over - 0 run(s), 0 hit(s), 0 error(s), 0 left on base; Pawnee 2 - Calgary 0
BOTTOM OF THE 3RD
Calgary Lynx batting - Pitching for Pawnee ParksNRec : RHP Ben Quinn
Batting: RHB Ramón Cabral 0-0: Ball
1-0: Called Strike
1-1: SINGLE (Line Drive, 89S)
Batting: SHB Eric O'Neill 0-0: Ground out 4-3 (Groundball, 34)
Ramón Cabral to second
Batting: RHB Chris Woodruff 0-0: Ball
1-0: Foul Ball, location: 2F
1-1: Ball
2-1: Called Strike
2-2: Ball
3-2: Fly out, F8 (Flyball, 8LM)
Batting: SHB Lowell Moon 0-0: Ball
1-0: Ball
2-0: Bunt missed!
2-1: Foul Ball, location: 2F
2-2: Strikes out looking
Bottom of the 3rd over - 0 run(s), 1 hit(s), 0 error(s), 1 left on base; Pawnee 2 - Calgary 0
TOP OF THE 4TH
Pawnee ParksNRec batting - Pitching for Calgary Lynx : RHP Willie Cameron
Batting: RHB Julián Salcido 0-0: Foul Ball, location: 2F
0-1: Ball
1-1: Ball
2-1: Foul Ball, location: 2F
2-2: Ball
3-2: SINGLE (Groundball, 4) (infield hit)
Batting: RHB Mark Allen 0-0: Called Strike
0-1: Swinging Strike
0-2: Foul Ball, location: 2F
0-2: Ball
1-2: Ball
Julián Salcido is caught stealing 2nd base
2-2: Foul Ball, location: 2F
2-2: Foul Ball, location: 2F
2-2: Ground out 4-3 (Groundball, 4)
Batting: RHB Miguel Silva 0-0: Foul Ball, location: 2F
0-1: Ball
1-1: Ball
2-1: Foul Ball, location: 2F
2-2: SINGLE (Groundball, 56D)
Batting: RHB Dale Blair 0-0: Foul Ball, location: 2F
0-1: Ball
1-1: Swinging Strike
1-2: Foul Ball, location: 2F
1-2: Ground out 4-3 (Groundball, 4)
Top of the 4th over - 0 run(s), 2 hit(s), 0 error(s), 1 left on base; Pawnee 2 - Calgary 0
BOTTOM OF THE 4TH
Calgary Lynx batting - Pitching for Pawnee ParksNRec : RHP Ben Quinn
Batting: LHB Miguel Zúńiga 0-0: Ball
1-0: Ball
2-0: Ball
3-0: Base on Balls
Batting: RHB Jesús Martínez 0-0: Fly out, F8 (Flyball, 8RS)
Batting: RHB Álex Estrada 0-0: Swinging Strike
0-1: Fly out, F8 (Flyball, 8RD)
Batting: LHB Thomas Campbell 0-0: Ball
1-0: Called Strike
1-1: DOUBLE (Flyball, 8RD)
Miguel Zúńiga to third
Runner from 3rd tries for Home, SAFE, no throw
Batting: RHB Enrique Fuentes 0-0: Foul Ball, location: 2F
0-1: 2-RUN HOME RUN (Flyball, 7D), Distance : 379 ft
Batting: RHB Ramón Cabral 0-0: DOUBLE (Line Drive, 8RD)
Batting: SHB Eric O'Neill 0-0: Ball
1-0: Ball
2-0: Ground out 6-3 (Groundball, 6)
Bottom of the 4th over - 3 run(s), 3 hit(s), 0 error(s), 1 left on base; Pawnee 2 - Calgary 3
TOP OF THE 5TH
Pawnee ParksNRec batting - Pitching for Calgary Lynx : RHP Willie Cameron
Batting: SHB Júlio Camacho 0-0: Called Strike
0-1: Ball
1-1: Called Strike
1-2: Ball
2-2: Strikes out swinging
Batting: RHB Roberto Maestas 0-0: Called Strike
0-1: Ball
1-1: Swinging Strike
1-2: Ball
2-2: Strikes out swinging
Batting: RHB Wilbur Davis 0-0: Ball
1-0: Ball
2-0: Fly out, F6 (Popup, 6D)
Top of the 5th over - 0 run(s), 0 hit(s), 0 error(s), 0 left on base; Pawnee 2 - Calgary 3
BOTTOM OF THE 5TH
Calgary Lynx batting - Pitching for Pawnee ParksNRec : RHP Ben Quinn
Batting: RHB Chris Woodruff 0-0: Foul Ball, location: 2F
0-1: Ball
1-1: Swinging Strike
1-2: Foul Ball, location: 2F
1-2: Ball
2-2: Ball
3-2: Base on Balls
Batting: SHB Lowell Moon 0-0: Sac Bunt - play at first, batter OUT! 1-3
Chris Woodruff to second
Batting: LHB Miguel Zúńiga 0-0: Fly out, F7 (Flyball, 7S)
Batting: RHB Jesús Martínez 0-0: Called Strike
0-1: Foul Ball, location: 2F
0-2: Strikes out swinging
Bottom of the 5th over - 0 run(s), 0 hit(s), 0 error(s), 1 left on base; Pawnee 2 - Calgary 3
TOP OF THE 6TH
Pawnee ParksNRec batting - Pitching for Calgary Lynx : RHP Willie Cameron
Batting: LHB Mike Gardner 0-0: SINGLE (Groundball, 34D)
Batting: LHB Jorge Aicón 0-0: Called Strike
0-1: Fly out, F7 (Flyball, 78M)
Batting: RHB Julián Salcido 0-0: Called Strike
0-1: Swinging Strike
0-2: Ball
1-2: Strikes out swinging
Batting: RHB Mark Allen 0-0: Fielders Choice at 2nd, 6-4 (Groundball, 6)
Top of the 6th over - 0 run(s), 1 hit(s), 0 error(s), 0 left on base; Pawnee 2 - Calgary 3
BOTTOM OF THE 6TH
Calgary Lynx batting - Pitching for Pawnee ParksNRec : RHP Ben Quinn
Batting: RHB Álex Estrada 0-0: Swinging Strike
0-1: SINGLE (Line Drive, 56)
Batting: LHB Thomas Campbell 0-0: Ball
1-0: Fielders Choice at 2nd, 6-4 (Groundball, 6)
Batting: RHB Enrique Fuentes 0-0: Ball
1-0: Called Strike
1-1: Ball
2-1: Called Strike
2-2: Ball
3-2: Fly out, F7 (Flyball, 7LS)
Batting: RHB Ramón Cabral 0-0: Called Strike
0-1: Ball
1-1: Ball
2-1: Ball
3-1: Foul Ball, location: 2F
3-2: SINGLE (Line Drive, 89S)
Thomas Campbell to second
Thomas Campbell to third
Batting: SHB Eric O'Neill 0-0: Ball
1-0: Foul Ball, location: 2F
1-1: Swinging Strike
1-2: Ball
2-2: Foul Ball, location: 2F
2-2: Ground out U3 (Groundball, 34S)
Bottom of the 6th over - 0 run(s), 2 hit(s), 0 error(s), 2 left on base; Pawnee 2 - Calgary 3
TOP OF THE 7TH
Pawnee ParksNRec batting - Pitching for Calgary Lynx : RHP Willie Cameron
Now in LF: Darren Tomlinson
Batting: RHB Miguel Silva 0-0: Ball
1-0: Ball
2-0: Called Strike
2-1: Ball
3-1: Base on Balls
Batting: RHB Dale Blair 0-0: Ball
1-0: Bunted foul
1-1: Bunted foul
1-2: Strikes out looking
Batting: SHB Júlio Camacho 0-0: Ball
1-0: Ball
2-0: Ball
3-0: Called Strike
3-1: Ground out U3 (Groundball, 2R)
Miguel Silva to second
Pitching: RHP Alfonso Vera
Batting: RHB Roberto Maestas 0-0: Ground out 5-3 (Groundball, 56S)
Top of the 7th over - 0 run(s), 0 hit(s), 0 error(s), 1 left on base; Pawnee 2 - Calgary 3
BOTTOM OF THE 7TH
Calgary Lynx batting - Pitching for Pawnee ParksNRec : RHP Ben Quinn
Batting: RHB Chris Woodruff 0-0: Called Strike
0-1: Foul Ball, location: 2F
0-2: Ball
1-2: Foul Ball, location: 2F
1-2: Foul Ball, location: 2F
1-2: Fly out, F9 (Line Drive, 9LM)
Batting: SHB Lowell Moon 0-0: Ground out 3-1 (Groundball, 34S)
Batting: LHB Miguel Zúńiga 0-0: Ball
1-0: Ground out 4-3 (Groundball, 4)
Bottom of the 7th over - 0 run(s), 0 hit(s), 0 error(s), 0 left on base; Pawnee 2 - Calgary 3
TOP OF THE 8TH
Pawnee ParksNRec batting - Pitching for Calgary Lynx : RHP Alfonso Vera
Batting: RHB Wilbur Davis 0-0: Called Strike
0-1: Ball
1-1: Foul Ball, location: 2F
1-2: Ball
2-2: Fly out, F4 (Line Drive, 4D)
Pitching: LHP Adrian Neumann
Batting: LHB Mike Gardner 0-0: Called Strike
0-1: Ground out 5-3 (Groundball, 56S)
Batting: LHB Jorge Aicón 0-0: Called Strike
0-1: Ball
1-1: Called Strike
1-2: Ground out 1-3 (Groundball, 15)
Top of the 8th over - 0 run(s), 0 hit(s), 0 error(s), 0 left on base; Pawnee 2 - Calgary 3
BOTTOM OF THE 8TH
Calgary Lynx batting - Pitching for Pawnee ParksNRec : RHP Ben Quinn
Batting: RHB Jesús Martínez 0-0: Ball
1-0: Ground out 4-3 (Groundball, 4)
Batting: RHB Darren Tomlinson 0-0: Ground out 5-3 (Groundball, 5)
Batting: LHB Thomas Campbell 0-0: Called Strike
0-1: Ball
1-1: Ball
2-1: Foul Ball, location: 2F
2-2: Foul Ball, location: 2F
2-2: Fly out, F3 (Line Drive, 34)
Bottom of the 8th over - 0 run(s), 0 hit(s), 0 error(s), 0 left on base; Pawnee 2 - Calgary 3
TOP OF THE 9TH
Pawnee ParksNRec batting - Pitching for Calgary Lynx : LHP Adrian Neumann
Pitching: RHP Jim Atkinson
Batting: RHB Julián Salcido 0-0: Ball
1-0: Ground out 4-3 (Groundball, 4)
Batting: RHB Mark Allen 0-0: Called Strike
0-1: Swinging Strike
0-2: Strikes out looking
Batting: RHB Miguel Silva 0-0: Called Strike
0-1: Foul Ball, location: 2F
0-2: Ball
1-2: Strikes out swinging
Top of the 9th over - 0 run(s), 0 hit(s), 0 error(s), 0 left on base; Pawnee 2 - Calgary 3
Friday, December 30th, 2016 - OOTP Baseball 17.12 Build 75